[Event "Team 45 45 League T23"]
[Site "Internet Chess Club"]
[Date "2004.07.03"]
[Round "4"]
[White "ChessyStud"]
[Black "DTK"]
[Result "1-0"]
[WhiteElo "2137"]
[BlackElo "1946"]
[TimeControl "2700+45"]

1. e4 c5 2. Nf3 Nc6 3. d4 cxd4 4. Nxd4 g6 5. Nc3 Bg7 6. Be3 Nf6 7. Nxc6 bxc6 8.
e5 Nd5 9. Nxd5 cxd5 10. Qxd5 Rb8 11. Bc4 e6 12. Qc5 Bb7 13. O-O Rc8 14. Qxa7
Bxg2 15. Kxg2 Rxc4 16. f4 Rxc2+ 17. Rf2 Rxf2+ 18. Bxf2 O-O 19. Bc5 Qa8+ 20. Qxa8
Rxa8 21. a4 Bf8 22. Bd6 Bxd6 23. exd6 Rb8 24. Ra2 f6 25. a5 e5 26. a6 Kf7 27. b4
Ke6 28. b5 Kxd6 29. b6 Kc6 30. b7 e4 31. a7 Kxb7 32. axb8=Q+ Kxb8 33. f5 Kc7 34.
Rf2 g5 35. Rd2 Kc6 36. Kf2 d5 37. Ke3 Kd6 38. Kd4 h5 39. Ra2 g4 40. Ra6+ Ke7 41.
Kxd5 {Black resigns} 1-0

[Event "Team 45 45 League T23"]
[Site "Internet Chess Club"]
[Date "2004.07.02"]
[Round "4"]
[White "arkba"]
[Black "Ser-Enigma"]
[Result "0-1"]
[WhiteElo "1772"]
[BlackElo "1959"]
[TimeControl "2700+45"]

1. e4 e6 2. d4 d5 3. e5 c5 4. c3 Nc6 5. Nf3 Qb6 6. a3 a5 7. Be2 cxd4 8. cxd4
Nge7 9. O-O Nf5 10. Be3 Qxb2 11. Nbd2 a4 12. Qc1 Qxc1 13. Rfxc1 Be7 14. Bb5 Bd7
15. g4 Nxe3 16. fxe3 Nxe5 17. Nxe5 Bxb5 18. Rcb1 Ba6 19. Kg2 f6 20. Nef3 O-O 21.
h4 Rac8 22. Re1 Rc3 23. g5 Rxa3 24. Rxa3 Bxa3 25. gxf6 gxf6 26. Ra1 Bb4 27. Rxa4
Bxd2 28. Nxd2 Rc8 29. Kf3 Rc2 30. Nb3 Be2+ 31. Kf4 Bd1 32. Ra8+ Kf7 33. Rb8 Rf2+
34. Kg3 Rf3+ 35. Kg2 Rxe3 36. Rxb7+ Kg6 37. Nc5 h5 38. Re7 e5 39. dxe5 fxe5 40.
Nd7 e4 41. Re5 d4 42. Nc5 Bf3+ 43. Kf2 Re2+ 44. Kg1 Rg2+ 45. Kf1 e3 46. Nd3 Rd2
47. Ne1 Rd1 48. Rg5+ Kf6 49. Rg3 Bg4 50. Rg1 d3 51. Kg2 d2 52. Rf1+ Ke6 {White
resigns} 0-1

[Event "Team 45 45 League T23"]
[Site "Internet Chess Club"]
[Date "2004.07.03"]
[Round "4"]
[White "kevinfons"]
[Black "camembert"]
[Result "1-0"]
[WhiteElo "1508"]
[BlackElo "1760"]
[TimeControl "2700+45"]

1. b3 d5 2. Bb2 c5 3. d3 Nc6 4. Nd2 e6 5. Ngf3 Nf6 6. g3 Be7 7. Bg2 O-O 8. O-O
Qc7 9. c3 Bd7 10. Rc1 Rac8 11. e4 Rfe8 12. Re1 e5 13. d4 dxe4 14. Nxe4 Nxe4 15.
Rxe4 Bf5 16. Re1 exd4 17. cxd4 Rcd8 18. Qe2 Be6 19. dxc5 Qa5 20. Bc3 Qc7 21. Ne5
Bd5 22. Nxc6 bxc6 23. Bxd5 Rxd5 24. b4 f6 25. Qe6+ Kf8 26. Re3 Qd7 27. Qxd7 Rxd7
28. Rce1 Rc8 29. Kg2 a5 30. a3 Rcc7 31. h4 Ra7 32. Kf3 Rd5 33. g4 g6 34. R1e2
Kf7 35. Kg2 Rd1 36. Re6 Rd3 37. R2e3 Rxe3 38. Rxe3 axb4 39. Bxb4 Bd8 40. f4 Ba5
41. Kf3 Ra8 42. Rd3 Ke7 43. Rd6 Bxb4 44. axb4 Ra3+ 45. Ke4 Ra4 46. Rd4 Ra1 47.
f5 Rh1 48. fxg6 hxg6 49. h5 gxh5 50. gxh5 Rxh5 51. Kd3 Rd5 52. Rxd5 cxd5 53. Kd4
Ke6 54. b5 f5 55. b6 Kd7 56. Kxd5 f4 57. Ke4 Kc6 58. Kxf4 Kb7 59. Ke5 Kc6 60.
Ke6 Kb7 61. Kd7 Kb8 62. c6 Ka8 63. c7 Kb7 64. c8=Q+ Kxb6 65. Qc4 Ka7 66. Qb5 Ka8
67. Kc7 Ka7 68. Qb7# {Black checkmated} 1-0

[Event "Team 45 45 League T23"]
[Site "Internet Chess Club"]
[Date "2004.07.01"]
[Round "4"]
[White "f5"]
[Black "WesleyCrusher"]
[Result "1-0"]
[WhiteElo "2250"]
[BlackElo "2115"]
[TimeControl "2700+45"]

1. e4 c5 2. Nc3 e6 3. g3 Nc6 4. Bg2 Nf6 5. d3 Be7 6. f4 d5 7. e5 Nd7 8. Nf3 f6
9. exf6 Nxf6 10. O-O O-O 11. Bh3 d4 12. Nb1 Bd6 13. Na3 e5 14. Bxc8 Rxc8 15.
fxe5 Nxe5 16. Nxe5 Bxe5 17. Nc4 Bb8 18. Bg5 h6 19. Bxf6 Rxf6 20. Qg4 Rcc6 21. a4
Rg6 22. Qh3 Rce6 23. Rf2 Rgf6 24. Raf1 b6 25. Nd2 Qe7 26. Rxf6 Rxf6 27. Rxf6
Qxf6 28. Qc8+ Qf8 29. Qxf8+ Kxf8 30. Kg2 Kf7 31. Kf3 Ke6 32. Ke4 g5 33. Nf3 Bd6
34. g4 Bf4 35. h3 Bc1 36. b4 a6 37. b5 axb5 38. axb5 Bf4 39. h4 Bc1 40. h5 Bf4
41. Ng1 Be5 42. Ne2 Bd6 43. c3 dxc3 44. Nxc3 Bc7 45. Nd5 Bd8 46. Ne3 Be7 47. Nf5
Bf8 48. d4 cxd4 49. Nxd4+ Kd6 50. Kf5 Kd5 51. Nc6 Kc5 52. Na7 Kd5 53. Nc8 Bc5
54. Kg6 Ke4 55. Kxh6 Kf4 56. Kg6 Kxg4 57. Nxb6 Kf4 58. Nd5+ Ke5 59. Nf6 Ke6 60.
h6 Bd4 61. Ng4 Ke7 62. h7 Bh8 63. b6 Kd6 64. Kxg5 Kc6 65. Kg6 Kxb6 66. Kf7 Kc6
67. Nf6 Kd6 68. Ne8+ Kd7 69. Ng7 Kd6 70. Nh5 Kd7 71. Nf4 Kd8 72. Kg8 Ke8 73. Nh5
Ke7 74. Ng7 Kf6 75. Kxh8 Kf7 76. Ne6 {Black resigns} 1-0

[Event "Team 45 45 League T23"]
[Site "Internet Chess Club"]
[Date "2004.07.05"]
[Round "4"]
[White "Amauta"]
[Black "trevor21"]
[Result "0-1"]
[WhiteElo "1905"]
[BlackElo "2188"]
[TimeControl "2700+45"]

1. e4 e6 2. d4 d5 3. exd5 exd5 4. Bd3 Nf6 5. Bg5 Bd6 6. Qe2+ Be6 7. f4 O-O 8. f5
Bxf5 9. Nf3 Bxd3 10. cxd3 Re8 11. Ne5 h6 12. Bh4 Nc6 13. O-O Nxd4 14. Qf2 Bxe5
15. Nc3 Ne6 16. Qd2 d4 17. Ne2 Qd6 18. Bxf6 Bxf6 19. Rxf6 gxf6 20. Qxh6 Ng7 21.
Ng3 Qe5 22. Ne4 Re6 23. Qc1 f5 24. Ng5 Qe3+ 25. Kh1 Qxc1+ 26. Rxc1 Re7 27. h4
Rae8 28. Nf3 b6 29. b4 f6 30. Kh2 Rd7 31. Rc6 Kf7 32. a4 Nh5 33. Rc4 Red8 34. g3
Ng7 35. Kg2 Ne6 36. Kf2 c5 37. b5 Nc7 38. Ne1 Nd5 39. Ng2 Re8 40. a5 Rde7 41.
axb6 axb6 42. Ra4 Re2+ 43. Kf1 Rb2 44. Ra1 Rxb5 45. h5 Ne3+ 46. Kg1 Nxg2 47.
Kxg2 Rb2+ {White resigns} 0-1

[Event "Team 45 45 League T23"]
[Site "Internet Chess Club"]
[Date "2004.07.02"]
[Round "4"]
[White "nursey"]
[Black "jimspy"]
[Result "0-1"]
[WhiteElo "1767"]
[BlackElo "1884"]
[TimeControl "2700+45"]

1. e4 c5 2. Nf3 d6 3. d4 cxd4 4. Nxd4 Nf6 5. Nc3 a6 6. Bg5 e6 7. Bc4 Be7 8. f4
b5 9. Bb3 b4 10. Nce2 Qb6 11. e5 dxe5 12. fxe5 Ng8 13. Bxe7 Nxe7 14. O-O O-O 15.
a3 bxa3 16. Rxa3 Nbc6 17. Kh1 Nxe5 18. Re1 Ng4 19. Qd2 Ng6 20. Nf4 e5 21. Nxg6
hxg6 22. Nf3 Nf2+ 23. Kg1 Ne4+ 24. Qe3 Qxe3+ 25. Rxe3 Bb7 26. Ra5 Rad8 27. Rxe5
Nd2 28. Re7 Nxf3+ 29. gxf3 Bd5 30. Bxd5 Rxd5 31. Kf2 Rh5 32. Kg3 Ra5 33. b4 Ra4
34. c3 Rc8 35. Re8+ Rxe8 36. Rxe8+ Kh7 37. Kf4 Ra3 38. c4 Rb3 39. Rb8 Rc3 40.
Rc8 Rb3 41. Rb8 Rc3 42. c5 a5 43. bxa5 Rxc5 44. a6 Ra5 45. Ra8 g5+ 46. Kg4 Kg6
47. a7 Ra4+ 48. Kg3 Kf5 49. h3 Ra2 50. h4 gxh4+ 51. Kxh4 Kf4 52. Kh3 Kxf3 53.
Kh4 Kf4 54. Kh3 g5 55. Rg8 Rxa7 56. Rg7 Ra3+ 57. Kg2 f5 58. Kf2 Ra2+ 59. Ke1 g4
60. Kf1 Kf3 61. Ke1 g3 62. Rf7 f4 63. Kd1 g2 64. Rg7 Kf2 {White resigns} 0-1

[Event "Team 45 45 League T23"]
[Site "Internet Chess Club"]
[Date "2004.07.03"]
[Round "4"]
[White "matemachine"]
[Black "GameMaster"]
[Result "1-0"]
[WhiteElo "1567"]
[BlackElo "1595"]
[TimeControl "2700+45"]

1. d4 d5 2. Nf3 Nf6 3. e3 Bg4 4. c4 c6 5. Nc3 e6 6. Qb3 Bxf3 7. gxf3 Qc7 8. Bd2
Bd6 9. f4 Nbd7 10. Bd3 a6 11. Ne2 O-O 12. Qc2 c5 13. h4 cxd4 14. Nxd4 Nc5 15.
Be2 Rac8 16. f3 Nh5 17. Rg1 Qe7 18. O-O-O dxc4 19. Bc3 b5 20. Rg5 g6 21. Rdg1
Na4 22. Rxh5 Qb7 23. Qe4 Qd7 24. f5 exf5 25. Nxf5 Nxc3 26. Nh6+ Kg7 27. Qd4+ f6
28. Qxc3 Be5 29. Qb4 Qe6 30. Nf5+ Kh8 31. Rxg6 c3 32. Rxh7+ Kxh7 33. Rh6+ Kg8
34. Qg4+ Kf7 35. Qg6# {Black checkmated} 1-0

[Event "Team 45 45 League T23"]
[Site "Internet Chess Club"]
[Date "2004.07.05"]
[Round "4"]
[White "viking99"]
[Black "gessie7"]
[Result "1-0"]
[WhiteElo "1781"]
[BlackElo "1596"]
[TimeControl "2700+45"]

1. e4 e5 2. Nf3 Nc6 3. Bb5 a6 4. Ba4 d6 5. O-O Nf6 6. Re1 b5 7. Bb3 Bg4 8. c3
Be7 9. d3 b4 10. Ba4 Qd7 11. d4 exd4 12. cxd4 d5 13. Qc2 O-O 14. Bxc6 Qc8 15.
Bxa8 Bxf3 16. gxf3 Qh3 17. Bxd5 Qxf3 18. Re3 Qg4+ 19. Rg3 Qh4 20. Bg5 Qh5 21.
Bxf6 Bxf6 22. e5 Bh4 23. Bf3 Qh6 24. Qd2 Qb6 25. Rg4 Be7 26. Qf4 Qa5 27. Nd2 c5
28. Nb3 Qd8 29. Nxc5 a5 30. Ne4 f5 31. Rxg7+ Kxg7 32. Nd6 Kh8 33. Bd5 Bg5 34.
Qf3 Qd7 35. Qh5 Qg7 36. Nf7+ Rxf7 37. Qxf7 {Black resigns} 1-0

[Event "Team 45 45 League T23"]
[Site "Internet Chess Club"]
[Date "2004.07.05"]
[Round "4"]
[White "kevinfons"]
[Black "forku2"]
[Result "1-0"]
[WhiteElo "1530"]
[BlackElo "1616"]
[TimeControl "2700+45"]

1. b3 e5 2. Bb2 Nc6 3. d3 d5 4. Nd2 Nf6 5. Ngf3 Bd6 6. g3 Be6 7. Bg2 Qd7 8. O-O
Bh3 9. e4 Bxg2 10. Kxg2 O-O-O 11. a4 d4 12. c3 dxc3 13. Bxc3 Rhe8 14. Nc4 Qe7
15. Nxd6+ Rxd6 16. Qc2 Red8 17. Rfd1 h6 18. b4 Nd4 19. Bxd4 exd4 20. b5 Nd7 21.
Rdc1 Nb8 22. a5 g5 23. Qc5 b6 24. axb6 axb6 25. Qf5+ Kb7 26. e5 Rd5 27. Qe4 f5
28. exf6 Qxe4 29. dxe4 Rxb5 30. e5 d3 31. e6 g4 32. Nd2 Rf5 33. f7 Nc6 34. Re1
Ne7 35. Ra4 h5 36. Rf4 Rxf4 37. gxf4 c5 38. f5 Nxf5 39. e7 {Black resigns} 1-0

[Event "Team 45 45 League T23"]
[Site "Internet Chess Club"]
[Date "2004.07.05"]
[Round "4"]
[White "Schach-Prinz"]
[Black "ogoon"]
[Result "1/2-1/2"]
[WhiteElo "1393"]
[BlackElo "1519"]
[TimeControl "2700+45"]

1. d4 e5 2. e4 exd4 3. Qxd4 Nc6 4. Qd1 Nf6 5. Nc3 Bb4 6. Qd3 Ne5 7. Qg3 Ng6 8.
Bd3 Bd6 9. Qf3 Ne5 10. Qe2 c6 11. Bg5 h6 12. Bxf6 Qxf6 13. O-O-O Qg5+ 14. Kb1
Qxg2 15. Nf3 Qxf3 16. Qxf3 Nxf3 17. Be2 Nh4 18. Rxd6 O-O 19. Rg1 Ng6 20. b4 b5
21. Bg4 a5 22. bxa5 Rxa5 23. Bxd7 Bxd7 24. Rxd7 Ne5 25. Rd6 Nc4 26. Rxc6 b4 27.
Nd5 Nd2+ 28. Kb2 Nxe4 29. Nxb4 Nxf2 30. Rxh6 Rb8 31. a3 f6 32. Rxf6 Ne4 33. Rfg6
Rb7 34. h4 Rh5 35. R1g4 Nd2 36. Ka2 Nf3 37. Nd3 Nxh4 38. Ra6 Nf3 39. Nf4 Rc5 40.
Ra8+ Kf7 41. Rg2 Nd4 42. c3 Rxc3 43. Rb2 Rd7 44. Rab8 Ra7 45. R8b7+ Rxb7 46.
Rxb7+ Kf6 47. Nd5+ Ke5 48. Nxc3 g5 49. Rb1 g4 50. Rg1 Kf4 51. Nd5+ Kf3 52. Nf6
g3 53. Nh5 g2 54. Nf4 Kxf4 55. Rxg2 Ke3 56. Rh2 {Game drawn by mutual agreement}
1/2-1/2

[Event "Team 45 45 League T23"]
[Site "Internet Chess Club"]
[Date "2004.07.04"]
[Round "4"]
[White "JesterFox"]
[Black "Mississippian"]
[Result "0-1"]
[WhiteElo "1477"]
[BlackElo "1501"]
[TimeControl "2700+45"]

1. d4 Nf6 2. c4 e6 3. Nc3 Bb4 4. Bd2 Bxc3 5. Bxc3 Ne4 6. Qd3 f5 7. Nf3 O-O 8. g3
c5 9. Bg2 Nc6 10. O-O Rb8 11. e3 b6 12. a3 Bb7 13. Rad1 d5 14. cxd5 exd5 15.
dxc5 Nxc5 16. Qxd5+ Qxd5 17. Rxd5 Ne7 18. Rdd1 Rfd8 19. Nd4 Bxg2 20. Kxg2 g6 21.
Bb4 a5 22. Bc3 Ne4 23. Ne2 Nxc3 24. Nxc3 Nc6 25. Ne2 Ne5 26. Nd4 Rbc8 27. b3 Rc3
28. Rc1 Rdc8 29. Rxc3 Rxc3 30. Rb1 Nd3 31. a4 Nc5 32. Kf1 Kg7 33. b4 Ne4 34.
bxa5 Nd2+ 35. Ke2 Nxb1 36. a6 Rc8 37. Nb5 Ra8 38. a7 Nc3+ 39. Nxc3 Rxa7 40. Kd3
Kf6 41. Nd5+ Ke5 42. Nxb6 h6 43. f4+ Ke6 44. Kc4 Rc7+ 45. Kb4 Rc2 46. a5 Kd6 47.
Nc4+ Kd5 48. Ne5 g5 49. fxg5 Kxe5 50. gxh6 Rxh2 51. a6 Rxh6 52. a7 Ra6 {White
resigns} 0-1

[Event "Team 45 45 League T23"]
[Site "Internet Chess Club"]
[Date "2004.07.05"]
[Round "4"]
[White "Hoyler"]
[Black "gartman"]
[Result "1-0"]
[WhiteElo "1618"]
[BlackElo "1763"]
[TimeControl "2700+45"]

1. d4 Nf6 2. c4 e6 3. Nc3 d5 4. cxd5 exd5 5. Bg5 c6 6. e3 Bf5 7. Qf3 Bg4 8. Bxf6
Qd7 9. Qf4 gxf6 10. Qxf6 Rg8 11. Nf3 Bg7 12. Qf4 Qe6 13. Be2 Bh6 14. Qc7 Nd7 15.
Qxb7 Rb8 16. Qxa7 Kf8 17. Ne5 Nxe5 18. Qxb8+ Kg7 19. Qxe5+ {Black resigns} 1-0

[Event "Team 45 45 League T23"]
[Site "Internet Chess Club"]
[Date "2004.07.02"]
[Round "4"]
[White "fernbap"]
[Black "NESKAYA"]
[Result "1-0"]
[WhiteElo "1650"]
[BlackElo "1658"]
[TimeControl "2700+45"]

1. Nf3 d5 2. e3 c5 3. c4 Bg4 4. Be2 Nf6 5. Qb3 b6 6. cxd5 Qxd5 7. Bb5+ Nbd7 8.
Qxd5 Nxd5 9. Bc6 Nc7 10. Ne5 Be6 11. Nxd7 Bxd7 12. Bxa8 Nxa8 13. Nc3 g6 14. O-O
Bg7 15. Rd1 O-O 16. d4 c4 17. b3 Rc8 18. Nd5 Kf8 19. Ba3 Re8 20. bxc4 Bc6 21.
Nb4 Ba4 22. Rdc1 Nc7 23. Rab1 Kg8 24. Nd3 e6 25. Bd6 Rc8 26. c5 Ne8 27. Bg3 Nf6
28. cxb6 Rxc1+ 29. Rxc1 axb6 30. Rc8+ Bf8 31. Bd6 Nd7 32. Bxf8 Nxf8 33. Rb8 b5
34. Nc5 Kg7 35. Nxa4 bxa4 36. Ra8 Nd7 37. Rxa4 Nb6 38. Rb4 Nd5 39. Rb3 Nc7 40.
a4 h5 41. a5 Kf8 42. Rb6 Nd5 43. Rd6 Ke7 44. Rxd5 exd5 45. a6 Kd7 46. a7 Kc7 47.
a8=Q {Black resigns} 1-0

[Event "Team 45 45 League T23"]
[Site "Internet Chess Club"]
[Date "2004.07.04"]
[Round "4"]
[White "MarcoDeSade"]
[Black "Bookkeeper"]
[Result "1-0"]
[WhiteElo "1595"]
[BlackElo "1505"]
[TimeControl "2700+45"]

1. d4 d6 2. Nf3 g6 3. c4 Nf6 4. Nc3 Bg7 5. e3 O-O 6. Bd3 c5 7. d5 Na6 8. O-O Nc7
9. b3 a6 10. Bb2 Bd7 11. Qd2 b5 12. Ne4 bxc4 13. bxc4 a5 14. Nxf6+ exf6 15. Rfb1
Na6 16. a3 a4 17. Bc3 Qe7 18. Ra2 Rfb8 19. Rab2 Rxb2 20. Rxb2 Qe8 21. Qc1 Rb8
22. Qa1 Rxb2 23. Qxb2 Qd8 24. Ng5 f5 25. Bxg7 Qxg5 26. Bh8 Qh6 27. f4 Nc7 28.
Bf6 Kf8 29. Bg5 Qg7 30. Bf6 Qh6 31. Be2 Ne8 32. Qb8 Kg8 33. Qd8 Qf8 34. Be7 Qg7
35. Qxd7 Qa1+ 36. Kf2 Qxa3 37. Qxe8+ Kg7 38. Bxd6 {Black resigns} 1-0

[Event "Team 45 45 League T23"]
[Site "Internet Chess Club"]
[Date "2004.07.06"]
[Round "4"]
[White "Eatfatty"]
[Black "bmw2002"]
[Result "1-0"]
[WhiteElo "1451"]
[BlackElo "1502"]
[TimeControl "2700+45"]

1. e4 e5 2. Nf3 Nc6 3. Bb5 a6 4. Ba4 Nf6 5. O-O b5 6. Bb3 Bb7 7. c3 Na5 8. Bc2
d6 9. Re1 c5 10. d4 cxd4 11. cxd4 Qc7 12. d5 Be7 13. Nbd2 Bc8 14. h3 O-O 15. Nf1
Bd7 16. Ng3 Rac8 17. Bd3 Nb7 18. Be3 Qd8 19. b4 a5 20. a3 h6 21. Qd2 Nh7 22. Nh5
Ng5 23. Nxg5 Bxg5 24. Bxg5 Qxg5 25. Qxg5 hxg5 26. Rac1 a4 27. Ng3 g6 28. Kf1 Kg7
29. Ne2 f5 30. exf5 Bxf5 31. Bxb5 g4 32. hxg4 Bxg4 33. Bxa4 Bxe2+ 34. Kxe2 Ra8
35. Bc6 Ra7 36. Rc3 Rc8 37. Rec1 Nd8 38. b5 Ra5 39. Rb3 Nxc6 40. Rxc6 Rd8 41. b6
Rxd5 42. b7 Rb8 43. Rc8 Rc5 44. Rxb8 d5 45. Rd8 d4 46. b8=Q Rc2+ 47. Kd3 {Black
resigns} 1-0

[Event "Team 45 45 League T23"]
[Site "Internet Chess Club"]
[Date "2004.07.03"]
[Round "4"]
[White "erebus"]
[Black "DidntSeeIt"]
[Result "1/2-1/2"]
[WhiteElo "1974"]
[BlackElo "1692"]
[TimeControl "2700+45"]

1. e4 c5 2. Nc3 e6 3. f4 Nc6 4. Nf3 a6 5. e5 d5 6. d4 c4 7. Be2 Bb4 8. O-O b5 9.
a4 Bxc3 10. axb5 Bxb2 11. Bxb2 Rb8 12. Ba3 Rxb5 13. Qd2 Nge7 14. Rfb1 O-O 15.
Bc5 Bb7 16. g4 Qd7 17. Bd1 Rxb1 18. Rxb1 Ba8 19. c3 Rb8 20. Ra1 a5 21. Bc2 h6
22. h4 Qe8 23. Qg2 Ng6 24. f5 exf5 25. gxf5 Nf4 26. Qd2 Nh5 27. Kh2 Bb7 28. Rg1
Kh8 29. Qg2 Bc8 30. Qg4 Rb2 31. Rg2 g6 32. e6 Bxe6 33. fxe6 Qb8+ 34. Kg1 Rxc2
35. Rxc2 Qb1+ 36. Ne1 Qxe1+ 37. Kh2 Qxe6 38. Qxe6 fxe6 39. Rb2 a4 40. Rb6 Na5
41. Ra6 Nb3 42. Bd6 Nd2 43. Rxa4 Ne4 44. Bb4 Nhg3 45. Ra6 Nf5 46. h5 g5 47. Rxe6
Kg7 48. Re5 Ne3 49. Kg1 g4 50. Re6 g3 51. Rg6+ Kh7 52. Re6 Kg7 53. Rg6+ Kh7 54.
Re6 Kg7 55. Rg6+ {Game drawn by repetition} 1/2-1/2

[Event "Team 45 45 League T23"]
[Site "Internet Chess Club"]
[Date "2004.07.03"]
[Round "4"]
[White "Pin-Pawn"]
[Black "Zolbalus"]
[Result "0-1"]
[WhiteElo "1619"]
[BlackElo "1817"]
[TimeControl "2700+45"]

1. c4 c5 2. Nc3 g6 3. d3 Bg7 4. g3 Nc6 5. Bg2 Nf6 6. Nf3 O-O 7. O-O a6 8. Bf4 b5
9. a3 d6 10. Rb1 Rb8 11. b4 cxb4 12. axb4 Nd7 13. Qc2 Bb7 14. cxb5 axb5 15. Rfc1
Rc8 16. Qd2 e5 17. Bg5 Qc7 18. Nxb5 Qb8 19. Nc3 Nb6 20. b5 Nd8 21. Qe3 Ba8 22.
Ne4 Nd5 23. Qd2 Ne6 24. Bh6 Rxc1+ 25. Qxc1 Rc8 26. Qd2 f5 27. Bxg7 fxe4 28. dxe4
Nc3 29. Rb3 Nxe4 30. Qb2 Kxg7 31. Bh3 Re8 32. Ra3 N6c5 33. Ne1 Qb6 34. Bg2 Bc6
35. Bxe4 Nxe4 36. e3 Bb7 37. Nc2 Rf8 38. f4 Kh6 39. fxe5 Rf2 40. Qc1 dxe5 41.
Ra4 Qxb5 42. Rxe4 Qe2 43. Rh4+ Kg5 44. e4+ Kf6 45. Ne3 h5 46. Nd5+ Bxd5 47. exd5
Rg2+ 48. Kh1 Qf3 49. Qc6+ Kg5 50. Qc1+ Rd2+ 51. Kg1 Qg2# {White checkmated} 0-1

[Event "Team 45 45 League T23"]
[Site "Internet Chess Club"]
[Date "2004.07.06"]
[Round "4"]
[White "Agent911"]
[Black "pdaj"]
[Result "1-0"]
[WhiteElo "1619"]
[BlackElo "1642"]
[TimeControl "2700+45"]

1. e4 c5 2. d4 cxd4 3. c3 Nf6 4. e5 Nd5 5. cxd4 d6 6. Bc4 Nb6 7. Bb3 e6 8. Nf3
Nc6 9. O-O dxe5 10. dxe5 Qc7 11. Qe2 Be7 12. Bg5 Bc5 13. Nc3 h6 14. Bd2 Bd4 15.
Nb5 Qd7 16. Nd6+ Ke7 17. Nxd4 Nxd4 18. Qd3 Nxb3 19. axb3 Nd5 20. Qg3 g5 21. f4
gxf4 22. Bxf4 b6 23. Qh4+ f6 24. exf6+ Nxf6 25. Be5 Rf8 26. Rxf6 Qxd6 27. Bxd6+
Kxd6 {Black resigns} 1-0

[Event "Team 45 45 League T23"]
[Site "Internet Chess Club"]
[Date "2004.07.03"]
[Round "4"]
[White "dmbcourt"]
[Black "dawgfish"]
[Result "1-0"]
[WhiteElo "1275"]
[BlackElo "1065"]
[TimeControl "2700+45"]

1. e4 d6 2. d4 Nf6 3. Nc3 g6 4. e5 dxe5 5. dxe5 Qxd1+ 6. Nxd1 Nd5 7. Ne3 Nxe3 8.
Bxe3 Bg7 9. f4 Be6 10. Nf3 Nc6 11. Nd4 Nb4 12. a3 Nd5 13. Nxe6 fxe6 14. Bd2
O-O-O 15. Bc4 h5 16. O-O-O Bh6 17. g3 b6 18. Ba6+ Kb8 19. c4 Nf6 20. exf6 exf6
21. Bc3 Rxd1+ 22. Rxd1 e5 23. Kc2 c5 24. fxe5 Kc7 25. e6 b5 26. e7 Re8 27. Bxf6
Bf8 28. exf8=Q Rxf8 29. Be5+ Kb6 30. Rd6+ Kc7 31. Rf6+ Kd7 32. Rxf8 Ke6 33. Re8+
Kf5 34. Bxb5 h4 35. Bd7+ Ke4 36. Bf4+ Kd4 37. b3 a6 38. Bc6 g5 39. Rd8# {Black
checkmated} 1-0

[Event "Team 45 45 League T23"]
[Site "Internet Chess Club"]
[Date "2004.07.02"]
[Round "4"]
[White "Steinwitz"]
[Black "alaskauk"]
[Result "0-1"]
[WhiteElo "1746"]
[BlackElo "1628"]
[TimeControl "2700+45"]

1. e4 e5 2. Nf3 Nc6 3. d4 exd4 4. Nxd4 Nf6 5. Nxc6 bxc6 6. Bd3 d6 7. O-O Be7 8.
Qf3 Bb7 9. Qg3 g6 10. b3 Rg8 11. Bb2 Nd7 12. Re1 f6 13. Nd2 Ne5 14. Bxe5 fxe5
15. Rad1 Rf8 16. Re2 Bh4 17. Qe3 Bg5 18. Qh3 Qe7 19. g3 Bc8 20. Qg2 Bxd2 21.
Rdxd2 Bg4 22. Re1 Qg5 23. Re3 O-O-O 24. Be2 Bxe2 25. Rdxe2 Rd7 26. Qf1 Rdf7 27.
Rc3 c5 28. Rc4 h5 29. Ra4 h4 30. Qh3+ Kb8 31. b4 Qc1+ 32. Qf1 Qg5 33. Qe1 hxg3
34. hxg3 Rh8 35. Qf1 Qg4 36. Rd2 Qf3 37. Qg2 Qc3 38. Re2 Qa1+ 39. Qf1 Rh1+
{White resigns} 0-1

[Event "Team 45 45 League T23"]
[Site "Internet Chess Club"]
[Date "2004.07.04"]
[Round "4"]
[White "tim87"]
[Black "carrotop"]
[Result "1-0"]
[WhiteElo "1616"]
[BlackElo "1599"]
[TimeControl "2700+45"]

1. e4 e5 2. Nf3 Nc6 3. Bc4 Bc5 4. Nc3 d6 5. h3 h5 6. d3 f6 7. Nh4 Nce7 8. Qf3
Bd7 9. Qg3 g5 10. Bxg5 fxg5 11. Qxg5 Kf8 12. f4 Be3 13. Rf1 Bxf4 14. Rxf4+ exf4
15. Qxf4+ Ke8 16. Qf7# {Black checkmated} 1-0

[Event "Team 45 45 League T23"]
[Site "Internet Chess Club"]
[Date "2004.07.04"]
[Round "4"]
[White "john-beebs"]
[Black "rabanito"]
[Result "1-0"]
[WhiteElo "1522"]
[BlackElo "1532"]
[TimeControl "2700+45"]

1. e4 e5 2. Nf3 Nc6 3. Nc3 Bb4 4. d4 exd4 5. Nxd4 Nf6 6. Bg5 h6 7. Nxc6 bxc6 8.
Bh4 Qe7 9. Bd3 d5 10. O-O O-O 11. e5 Qxe5 12. Re1 Qd6 13. h3 d4 14. Ne4 Nxe4 15.
Rxe4 Bf5 16. Be7 Qd5 17. Bxb4 Bxe4 18. Bxe4 Qxe4 19. Bxf8 Kxf8 20. Qd2 Re8 21.
Qb4+ Kg8 22. Qc5 a6 23. Rd1 Rd8 24. Kf1 Qd5 25. Qe7 Qd7 26. Qa3 Ra8 27. Qa4 Qd5
28. Rxd4 Qb5+ 29. Qxb5 cxb5 30. Ke2 Kf8 31. Rd7 Ra7 32. Ke3 Ke8 33. Rd4 c5 34.
Rd5 c4 35. c3 Re7+ 36. Kd2 Rd7 37. Rd4 Ke7 38. Ke3 Rxd4 39. cxd4 Ke6 40. g4 Kd5
41. a3 a5 42. f4 g6 43. h4 h5 44. g5 b4 45. a4 c3 46. bxc3 b3 47. Kd3 b2 48. c4+
Kc6 49. Kc2 Kd6 50. Kxb2 Ke6 51. c5 Kd5 52. Kc3 Kc6 53. Kc4 Kd7 54. d5 Kc8 55.
c6 Kc7 56. Kc5 Kc8 57. d6 Kd8 58. Kb6 Kc8 59. d7+ Kd8 60. Kb7 f5 61. c7+ Kxd7
62. c8=Q+ Ke7 63. Kc6 Kf7 64. Kd6 Kg7 65. Ke6 Kh7 66. Qd7+ Kh8 67. Kf6 {Black
resigns} 1-0

[Event "Team 45 45 League T23"]
[Site "Internet Chess Club"]
[Date "2004.07.03"]
[Round "4"]
[White "Just-Jim"]
[Black "pykerag06"]
[Result "1-0"]
[WhiteElo "1503"]
[BlackElo "1352"]
[TimeControl "2700+45"]

1. e4 e5 2. Nf3 Nc6 3. Bb5 a6 4. Bxc6 dxc6 5. Nxe5 Qe7 6. d4 f6 7. Nc4 Qxe4+ 8.
Ne3 Bh3 9. O-O Qg6 10. Kh1 Qe4 11. Qh5+ g6 12. Qxh3 {Black resigns} 1-0

[Event "Team 45 45 League T23"]
[Site "Internet Chess Club"]
[Date "2004.07.02"]
[Round "4"]
[White "DeepHmmm"]
[Black "BRAINDEADcz"]
[Result "1-0"]
[WhiteElo "2189"]
[BlackElo "1893"]
[TimeControl "2700+45"]

1. e4 c6 2. d4 d5 3. exd5 Qxd5 4. Nc3 Qa5 5. Bc4 Bf5 6. Bd2 e6 7. Qe2 Be7 8. d5
cxd5 9. Nxd5 Qd8 10. Nxe7 Nxe7 11. O-O-O Qc8 12. Bc3 O-O 13. g4 b5 14. Bxb5 Bg6
15. h4 f6 16. h5 Bf7 17. Nh3 Nd5 18. Rxd5 exd5 19. g5 Qe6 20. gxf6 Qxe2 21. Bxe2
g6 22. Ng5 Nc6 23. Nxf7 Rxf7 24. hxg6 hxg6 25. Rg1 d4 26. Rxg6+ Kf8 27. Bd2 Ke8
28. Bc4 Rf8 29. f7+ Kd7 30. Be6+ Kc7 31. Bf4+ Kd8 32. Bd5 Ne7 33. Rd6+ Kc7 34.
Bxa8 Rxa8 35. Rf6+ {Black resigns} 1-0

[Event "Team 45 45 League T23"]
[Site "Internet Chess Club"]
[Date "2004.07.05"]
[Round "4"]
[White "fish1800"]
[Black "achessman"]
[Result "0-1"]
[WhiteElo "1871"]
[BlackElo "2057"]
[TimeControl "2700+45"]

1. d4 d5 2. Nf3 Nf6 3. e3 c5 4. c3 Nbd7 5. Bd3 e6 6. O-O Bd6 7. Nbd2 O-O 8. e4
dxe4 9. Nxe4 Nxe4 10. Bxe4 Nf6 11. Bc2 b6 12. Bg5 Bb7 13. Qd3 g6 14. dxc5 Be7
15. Rfd1 Qxd3 16. Rxd3 bxc5 17. Ne5 Kg7 18. Bxf6+ Bxf6 19. Nd7 Rfc8 20. Nxf6
Kxf6 21. Rd7 Bd5 22. b3 c4 23. Rd1 cxb3 24. Bxb3 Bxb3 25. axb3 Rxc3 26. Rb7 Rac8
27. h3 R8c7 28. Rd7 Rxd7 29. Rxd7 a5 30. Rb7 Rc2 31. Ra7 Rc5 32. Rb7 h5 33. b4
Rc1+ 34. Kh2 Rb1 35. b5 Ke5 36. b6 Kd6 37. Ra7 Rb5 38. Rxf7 Rxb6 39. Ra7 Rb5 40.
Ra6+ Kd5 41. Kg3 g5 42. Kf3 Kc4 43. Rxe6 a4 44. Re4+ Kb3 45. Ke2 a3 46. Re3+ Kb2
47. Rd3 Rc5 48. Rd7 Rc2+ 49. Ke1 Kb1 50. Kd1 a2 51. Rb7+ Rb2 {White resigns} 0-1

[Event "Team 45 45 League T23"]
[Site "Internet Chess Club"]
[Date "2004.07.03"]
[Round "4"]
[White "londontim"]
[Black "Zilch"]
[Result "0-1"]
[WhiteElo "1753"]
[BlackElo "1795"]
[TimeControl "2700+45"]

1. e4 e6 2. d4 d5 3. exd5 exd5 4. Nf3 Bd6 5. Bd3 Nc6 6. Qe2+ Qe7 7. Be3 Nf6 8.
h3 O-O 9. Nbd2 Nb4 10. O-O Re8 11. Rfe1 Ne4 12. Bxe4 dxe4 13. Nh2 Bxh2+ 14. Kxh2
Nxc2 15. Qc4 Nxa1 16. Rxa1 Be6 17. d5 Qd6+ {White resigns} 0-1